[ PARTIDA AOE2 · #513678282 ]
UnrankedWei vs Portuguese
Equipo del jugador · VICT
Equipo rival · DERR
[ ANÁLISIS DE REPETICIÓN · EXTRAÍDO DE LA PARTIDA GRABADA ]
Feudal
9:18
Castillos
24:39
Imperial
—
| APM promedio | 84.3 |
| APM pico | 135 |
| eAPM promedio | 36.6 |
| Aldeanos / militares | 88 / 33 |
Foco
⚔️ 49.5% · 🌾 50.5%
Unknown (1952) ×59 · Skirmisher ×16 · Scout Cavalry ×14 · Monk ×3
Feudal
10:48
Castillos
21:46
Imperial
—
| APM promedio | 50.1 |
| APM pico | 73 |
| eAPM promedio | 25.5 |
| Aldeanos / militares | 113 / 87 |
Foco
⚔️ 37.9% · 🌾 62.1%
Archer ×72 · Knight ×6 · Spearman ×5 · Militia ×4
Mapa de la partida
Recursos iniciales + cada clic de construcción. Líneas = muros · curvas = relieve. ◆ oro · ⬟ piedra · ● bayas · ✦ reliquia · ◌ hueco del cierre
Tu base· ✓ Cerrada en 24:39 · 40t muro · 2 puerta(s)
Base de jakco· ✓ Cerrada en 21:46 · 49t muro · sin puerta
Terreno inicial suavizado · ◌ = hueco del cierre detectado · pasá el cursor para detalles
Inputs por minuto
— hK | FraKTal - - jakco
Build order — hK | FraKTal
Primeras 150 de 321 acciones detectadas
| 0:00 | Encolar | Villager (Male) |
| 0:01 | Encolar | Villager (Male) |
| 0:01 | Encolar | Villager (Male) |
| 0:02 | Construir | House |
| 0:03 | Construir | House |
| 0:16 | Encolar | Villager (Male) |
| 1:24 | Encolar | Villager (Male) |
| 1:24 | Encolar | Villager (Male) |
| 2:00 | Encolar | Villager (Male) |
| 2:14 | Encolar | Villager (Male) |
| 2:18 | Construir | Lumber Camp |
| 2:46 | Encolar | Villager (Male) |
| 2:46 | Encolar | Villager (Male) |
| 3:03 | Encolar | Villager (Male) |
| 3:31 | Encolar | Villager (Male) |
| 3:52 | Construir | House |
| 3:53 | Encolar | Villager (Male) |
| 3:53 | Encolar | Villager (Male) |
| 3:57 | Construir | House |
| 4:01 | Construir | House |
| 4:25 | Encolar | Villager (Male) |
| 4:38 | Encolar | Villager (Male) |
| 4:50 | Encolar | Villager (Male) |
| 4:55 | Construir | Mill |
| 5:06 | Encolar | Villager (Male) |
| 6:05 | Encolar | Villager (Male) |
| 6:06 | Investigar | Loom |
| 7:02 | Construir | Palisade Wall |
| 7:07 | Construir | Palisade Wall |
| 7:08 | Investigar | Feudal Age |
| 7:09 | Investigar | Feudal Age |
| 7:27 | Encolar | Villager (Male) |
| 7:56 | Construir | Mill |
| 7:58 | Construir | House |
| 8:26 | Construir | Barracks |
| 8:51 | Encolar | Villager (Male) |
| 9:18 | Edad | Edad Feudal |
| 9:20 | Construir | Stable |
| 9:23 | Investigar | Double-Bit Axe |
| 9:24 | Investigar | Double-Bit Axe |
| 9:49 | Encolar | Villager (Male) |
| 9:49 | Encolar | Villager (Male) |
| 9:50 | Investigar | Horse Collar |
| 9:55 | Construir | House |
| 10:00 | Construir | House |
| 10:02 | Encolar | Scout Cavalry |
| 10:30 | Encolar | Scout Cavalry |
| 10:37 | Construir | House |
| 10:38 | Construir | House |
| 10:41 | Construir | Palisade Wall |
| 10:54 | Encolar | Scout Cavalry |
| 11:27 | Encolar | Villager (Male) |
| 11:43 | Construir | Farm |
| 11:45 | Construir | Farm |
| 11:47 | Encolar | Scout Cavalry |
| 11:51 | Encolar | Villager (Male) |
| 11:55 | Construir | Farm |
| 11:58 | Construir | Farm |
| 12:02 | Encolar | Scout Cavalry |
| 12:05 | Construir | Farm |
| 12:06 | Construir | Farm |
| 12:08 | Construir | Farm |
| 12:11 | Construir | Farm |
| 12:13 | Construir | Farm |
| 12:23 | Encolar | Villager (Male) |
| 12:23 | Encolar | Villager (Male) |
| 12:32 | Construir | Palisade Wall |
| 12:42 | Construir | Farm |
| 12:45 | Encolar | Villager (Male) |
| 12:54 | Construir | House |
| 12:55 | Construir | House |
| 13:00 | Construir | Palisade Wall |
| 13:07 | Encolar | Villager (Male) |
| 13:14 | Encolar | Villager (Male) |
| 13:30 | Encolar | Villager (Male) |
| 13:35 | Encolar | Scout Cavalry |
| 13:52 | Encolar | Scout Cavalry |
| 14:02 | Construir | Archery Range |
| 14:11 | Encolar | Villager (Male) |
| 14:30 | Encolar | Scout Cavalry |
| 14:32 | Encolar | Villager (Male) |
| 14:51 | Construir | Gate |
| 14:54 | Encolar | Villager (Male) |
| 14:57 | Encolar | Skirmisher |
| 14:58 | Encolar | Skirmisher |
| 15:09 | Construir | House |
| 15:13 | Construir | House |
| 15:15 | Construir | House |
| 15:18 | Construir | Farm |
| 15:27 | Encolar | Scout Cavalry |
| 15:30 | Construir | House |
| 15:38 | Encolar | Skirmisher |
| 15:51 | Encolar | Villager (Male) |
| 15:52 | Encolar | Skirmisher |
| 15:56 | Construir | Farm |
| 16:08 | Encolar | Villager (Male) |
| 16:18 | Encolar | Scout Cavalry |
| 16:19 | Encolar | Villager (Male) |
| 16:27 | Encolar | Skirmisher |
| 16:31 | Encolar | Villager (Male) |
| 16:44 | Encolar | Skirmisher |
| 16:44 | Encolar | Villager (Male) |
| 16:47 | Construir | Palisade Wall |
| 16:50 | Construir | House |
| 16:52 | Construir | House |
| 17:14 | Encolar | Skirmisher |
| 17:22 | Encolar | Scout Cavalry |
| 17:24 | Encolar | Villager (Male) |
| 17:46 | Encolar | Scout Cavalry |
| 17:47 | Encolar | Villager (Male) |
| 17:48 | Encolar | Skirmisher |
| 17:51 | Construir | Blacksmith |
| 18:01 | Encolar | Villager (Male) |
| 18:05 | Construir | Mining Camp |
| 18:07 | Construir | House |
| 18:15 | Construir | Palisade Gate |
| 18:24 | Encolar | Scout Cavalry |
| 18:41 | Encolar | Villager (Male) |
| 18:44 | Investigar | Wheelbarrow |
| 18:45 | Investigar | Wheelbarrow |
| 18:45 | Investigar | Wheelbarrow |
| 18:48 | Construir | Farm |
| 18:50 | Construir | Farm |
| 18:53 | Construir | Farm |
| 18:53 | Construir | Farm |
| 19:04 | Encolar | Scout Cavalry |
| 19:13 | Construir | Farm |
| 19:18 | Construir | Farm |
| 19:18 | Construir | Farm |
| 19:26 | Investigar | Padded Archer Armor |
| 19:35 | Encolar | Villager (Male) |
| 19:42 | Construir | Lumber Camp |
| 19:44 | Construir | House |
| 19:45 | Construir | Palisade Wall |
| 20:00 | Investigar | Fletching |
| 20:01 | Investigar | Fletching |
| 20:20 | Encolar | Villager (Male) |
| 20:55 | Encolar | Villager (Male) |
| 21:04 | Encolar | Villager (Male) |
| 21:08 | Construir | Market |
| 21:23 | Encolar | Villager (Male) |
| 21:26 | Construir | Lumber Camp |
| 21:59 | Investigar | Castle Age |
| 22:02 | Encolar | Skirmisher |
| 22:02 | Encolar | Skirmisher |
| 22:13 | Encolar | Skirmisher |
| 22:15 | Construir | Archery Range |
| 22:20 | Construir | House |
| 22:24 | Construir | Stone Wall |
| 22:32 | Encolar | Skirmisher |
Build order — jakco
Primeras 150 de 318 acciones detectadas
| 0:00 | Encolar | Villager (Male) |
| 0:00 | Encolar | Villager (Male) |
| 0:01 | Encolar | Villager (Male) |
| 0:02 | Construir | House |
| 0:03 | Construir | House |
| 0:06 | Encolar | Villager (Male) |
| 0:07 | Encolar | Villager (Male) |
| 1:03 | Construir | Lumber Camp |
| 1:32 | Encolar | Villager (Male) |
| 1:32 | Encolar | Villager (Male) |
| 1:52 | Encolar | Villager (Male) |
| 2:27 | Encolar | Villager (Male) |
| 2:27 | Encolar | Villager (Male) |
| 2:47 | Encolar | Villager (Male) |
| 3:15 | Encolar | Villager (Male) |
| 3:37 | Encolar | Villager (Male) |
| 3:37 | Encolar | Villager (Male) |
| 3:50 | Construir | House |
| 4:13 | Encolar | Villager (Male) |
| 4:31 | Construir | Barracks |
| 4:35 | Encolar | Villager (Male) |
| 4:59 | Encolar | Villager (Male) |
| 5:02 | Construir | House |
| 5:22 | Encolar | Villager (Male) |
| 5:23 | Encolar | Militia |
| 5:51 | Encolar | Villager (Male) |
| 5:53 | Encolar | Militia |
| 6:06 | Construir | Mill |
| 6:14 | Encolar | Villager (Male) |
| 6:35 | Encolar | Villager (Male) |
| 7:06 | Encolar | Villager (Male) |
| 7:23 | Construir | Mining Camp |
| 7:35 | Encolar | Villager (Male) |
| 7:42 | Investigar | Loom |
| 8:38 | Investigar | Feudal Age |
| 8:52 | Construir | Mill |
| 8:59 | Encolar | Militia |
| 9:03 | Construir | House |
| 9:30 | Encolar | Militia |
| 9:54 | Construir | Farm |
| 9:56 | Construir | Farm |
| 10:20 | Construir | Farm |
| 10:21 | Encolar | Villager (Male) |
| 10:48 | Edad | Edad Feudal |
| 10:51 | Investigar | Man-at-Arms (upgrade) |
| 11:04 | Construir | Archery Range |
| 11:10 | Encolar | Villager (Male) |
| 11:26 | Encolar | Villager (Male) |
| 11:48 | Encolar | Archer |
| 11:50 | Construir | Farm |
| 11:51 | Construir | Farm |
| 11:54 | Encolar | Villager (Male) |
| 11:58 | Construir | House |
| 11:59 | Construir | House |
| 12:03 | Investigar | Town Watch |
| 12:14 | Encolar | Spearman |
| 12:21 | Encolar | Archer |
| 12:35 | Encolar | Archer |
| 12:36 | Encolar | Villager (Male) |
| 12:53 | Encolar | Spearman |
| 12:56 | Investigar | Double-Bit Axe |
| 12:57 | Encolar | Villager (Male) |
| 13:02 | Construir | House |
| 13:04 | Construir | Palisade Wall |
| 13:31 | Encolar | Villager (Male) |
| 13:38 | Encolar | Spearman |
| 13:43 | Construir | House |
| 13:47 | Construir | Palisade Gate |
| 13:56 | Encolar | Villager (Male) |
| 13:57 | Construir | Farm |
| 13:59 | Construir | Farm |
| 14:01 | Encolar | Spearman |
| 14:04 | Encolar | Villager (Male) |
| 14:09 | Construir | Palisade Wall |
| 14:10 | Construir | Palisade Wall |
| 14:11 | Construir | Palisade Wall |
| 14:13 | Construir | Palisade Wall |
| 14:13 | Construir | Palisade Wall |
| 14:14 | Construir | Palisade Wall |
| 14:15 | Construir | Palisade Wall |
| 14:17 | Construir | Palisade Wall |
| 14:25 | Encolar | Villager (Male) |
| 14:29 | Encolar | Spearman |
| 14:31 | Construir | Farm |
| 14:50 | Encolar | Villager (Male) |
| 14:52 | Encolar | Archer |
| 14:52 | Encolar | Archer |
| 14:53 | Encolar | Villager (Male) |
| 14:56 | Encolar | Villager (Male) |
| 14:59 | Construir | Farm |
| 15:01 | Construir | Farm |
| 15:13 | Encolar | Archer |
| 15:19 | Construir | House |
| 15:23 | Encolar | Archer |
| 15:24 | Encolar | Villager (Male) |
| 15:45 | Encolar | Archer |
| 15:46 | Encolar | Villager (Male) |
| 15:59 | Construir | Blacksmith |
| 16:07 | Encolar | Archer |
| 16:21 | Encolar | Archer |
| 16:26 | Encolar | Villager (Male) |
| 16:29 | Construir | Farm |
| 16:33 | Construir | House |
| 16:36 | Construir | Palisade Wall |
| 16:39 | Construir | Palisade Wall |
| 16:46 | Investigar | Horse Collar |
| 16:46 | Investigar | Horse Collar |
| 16:53 | Encolar | Villager (Male) |
| 16:54 | Investigar | Fletching |
| 16:59 | Encolar | Archer |
| 17:02 | Construir | House |
| 17:03 | Construir | House |
| 17:29 | Encolar | Villager (Male) |
| 17:32 | Construir | Farm |
| 17:34 | Construir | Farm |
| 17:44 | Encolar | Archer |
| 17:55 | Encolar | Archer |
| 17:57 | Encolar | Villager (Male) |
| 18:14 | Construir | House |
| 18:16 | Construir | Palisade Wall |
| 18:25 | Construir | Palisade Wall |
| 18:28 | Encolar | Villager (Male) |
| 18:46 | Construir | Palisade Wall |
| 19:06 | Investigar | Castle Age |
| 19:06 | Investigar | Castle Age |
| 19:16 | Encolar | Archer |
| 19:42 | Construir | Lumber Camp |
| 20:32 | Construir | Stable |
| 20:38 | Encolar | Villager (Male) |
| 21:08 | Construir | House |
| 21:12 | Construir | House |
| 21:20 | Construir | Stable |
| 21:23 | Investigar | Scale Barding Armor |
| 21:38 | Construir | Farm |
| 21:39 | Construir | Farm |
| 21:46 | Edad | Edad de los Castillos |
| 21:50 | Encolar | Knight |
| 21:50 | Encolar | Knight |
| 21:53 | Encolar | Villager (Male) |
| 21:55 | Investigar | Bow Saw |
| 22:08 | Investigar | Crossbowman (upgrade) |
| 22:19 | Construir | House |
| 22:33 | Construir | Farm |
| 22:33 | Construir | Farm |
| 22:33 | Construir | Farm |
| 22:34 | Construir | Farm |
| 22:38 | Encolar | Villager (Male) |
| 22:58 | Encolar | Archer |
| 22:58 | Encolar | Archer |
| 23:03 | Encolar | Villager (Male) |
Cronología de la partida
| 4:31 | jakco · first_building Barracks |
| 7:02 | hK | FraKTal · wall_segment Palisade Wall x5 |
| 7:07 | hK | FraKTal · wall_segment Palisade Wall x1 |
| 8:26 | hK | FraKTal · first_building Barracks |
| 9:18 | hK | FraKTal · age_up feudal |
| 9:20 | hK | FraKTal · first_building Stable |
| 10:41 | hK | FraKTal · wall_segment Palisade Wall x3 |
| 10:48 | jakco · age_up feudal |
| 11:04 | jakco · first_building Archery Range |
| 12:32 | hK | FraKTal · wall_segment Palisade Wall x11 |
| 13:00 | hK | FraKTal · wall_segment Palisade Wall x15 |
| 13:04 | jakco · wall_segment Palisade Wall x10 |
| 14:02 | hK | FraKTal · first_building Archery Range |
| 14:09 | jakco · wall_segment Palisade Wall x1 |
| 14:10 | jakco · wall_segment Palisade Wall x1 |
| 14:11 | jakco · wall_segment Palisade Wall x1 |
| 14:13 | jakco · wall_segment Palisade Wall x1 |
| 14:13 | jakco · wall_segment Palisade Wall x1 |
| 14:14 | jakco · wall_segment Palisade Wall x1 |
| 14:15 | jakco · wall_segment Palisade Wall x1 |
| 14:17 | jakco · wall_segment Palisade Wall x1 |
| 16:36 | jakco · wall_segment Palisade Wall x1 |
| 16:39 | jakco · wall_segment Palisade Wall x10 |
| 16:47 | hK | FraKTal · wall_segment Palisade Wall x1 |
| 18:16 | jakco · wall_segment Palisade Wall x14 |
| 18:25 | jakco · wall_segment Palisade Wall x8 |
| 18:46 | jakco · wall_segment Palisade Wall x5 |
| 19:45 | hK | FraKTal · wall_segment Palisade Wall x1 |
| 20:32 | jakco · first_building Stable |
| 21:46 | jakco · age_up castle |
| 21:53 | hK | FraKTal · first_market_buy 100 food |
| 21:54 | hK | FraKTal · first_market_sell 100 wood |
| 22:24 | hK | FraKTal · wall_segment Stone Wall x1 |
| 23:52 | hK | FraKTal · wall_segment Stone Wall x1 |
| 23:54 | hK | FraKTal · wall_segment Stone Wall x1 |
| 23:55 | hK | FraKTal · wall_segment Stone Wall x1 |
| 24:13 | jakco · wall_segment Palisade Wall x1 |
| 24:39 | hK | FraKTal · age_up castle |
| 28:02 | hK | FraKTal · first_building Monastery |
| 34:45 | jakco · resign |
[ ANÁLISIS IA · 1 CRÉDITO ]
¿Qué pasó realmente en esta partida?
Wolo.gg analiza cada decisión: build order, eco, micro, errores típicos por bracket. Análisis personalizado por WhatsApp o Discord en 30 segundos.
Guía civ
Wei
Perfil
Jugador #22003517